 Dungeon Crawl Stone Soup version 0.23.2 (webtiles) character file.

Game seed: 13173955153246078613

78 Fang the Skirmisher (level 4, 0/29 HPs)
             Began as a Gargoyle Berserker on Apr 11, 2019.
             Was a Believer of Trog.
             Slain by a goblin
             ... wielding a +0 club
              (3 damage)
             ... on level 2 of the Dungeon.
             The game lasted 00:00:57 (1521 turns).

Fang the Skirmisher (Gargoyle Berserker)            Turns: 1521, Time: 00:00:58

Health: 0/29       AC:  5    Str: 21    XL:     4   Next: 36%
Magic:  4/4        EV: 12    Int:  8    God:    Trog [**....]
Gold:   74         SH:  0    Dex:  9    Spells: 3/3 levels left

rFire    . . .     SeeInvis .   a - +0 hand axe
rCold    . . .     Gourm    .   (no shield)
rNeg     + . .     Faith    .   b - +0 animal skin
rPois    ∞         Spirit   .   (no helmet)
rElec    +         Reflect  .   (no cloak)
rCorr    .         Harm     .   (no gloves)
MR       .....                  (no boots)
Stlth    +.........             (no amulet)
HPRegen  0.09/turn              (no ring)
MPRegen  0.09/turn              (no ring)

@: berserk cooldown, slowed, very slow
A: negative energy resistance 1, electricity resistance, unbreathing,
petrification resistance, rot immunity, AC +3
a: Berserk, Trog's Hand, Renounce Religion


You were on level 2 of the Dungeon.
You worshipped Trog.
Trog was pleased with you.
You were not hungry.

You visited 1 branch of the dungeon, and saw 2 of its levels.

You collected 74 gold pieces.

Inventory:

Hand Weapons
 a - a +0 hand axe (weapon)
Armour
 b - a +0 animal skin (worn)
Jewellery
 f - a +3 amulet of reflection {unknown}
Scrolls
 d - a scroll of remove curse {unknown}
 e - a scroll of amnesia {unknown}
 g - a scroll of magic mapping {unknown}
Potions
 h - a potion of brilliance {unknown}
 i - a potion of curing {unknown}
 j - a potion of heal wounds {unknown}
Comestibles
 c - 3 rations


   Skills:
 + Level 3.9 Fighting
 + Level 3.2 Axes
 + Level 3.0 Armour
 + Level 2.3 Dodging


You had 3 spell levels left.
You didn't know any spells.
Your spell library was empty.

Dungeon Overview and Level Annotations

Branches:
Dungeon (2/15)

Altars:


Innate Abilities, Weirdness & Mutations

You are resistant to torment.
Your stone body is resilient. (AC +3)
You are immune to poison.
You resist negative energy. (rN+)
You are resistant to electric shocks. (rElec)
You can survive without breathing.
You are immune to petrification.
You are immune to rotting.


Message History

The kobold is moderately wounded.
You barely miss the goblin. The kobold hits you but does no damage.
The goblin closely misses you. The kobold barely misses you.
The goblin hits you but does no damage.
You hit the kobold.
You kill the kobold!
Trog accepts your kill.
You barely miss the goblin.
A rat comes into view.
The goblin barely misses you. The goblin hits you but does no damage.
The goblin closely misses you.
Things that are here:
a +0 dagger; a scroll labeled BUIZEL DEVY; a kobold corpse You closely miss the goblin.
The goblin closely misses you.
You barely miss the goblin. The goblin hits you with a +0 club.
* * * LOW HITPOINT WARNING * * *
You closely miss the goblin. You closely miss the rat.
The rat closely misses you. The goblin closely misses you.
The rat closely misses you. The goblin hits you with a +0 club.
You die...

# . .# .. ##.# ..#
######...# .?.##
#....gr#
......##...(@.#
#$(.......(...#
#)...##.)....#
#.#...(.....#
######.###.......#
....................
########.###.........
#...............####..
#.######..#####..# ..


You could see a goblin and a rat.

Vanquished Creatures
  3 gnolls (D:2)
  An adder (D:2)
  An adder zombie (D:1)
  2 dart slugs
  A ball python (D:1)
  A goblin (D:1)
  7 jackals
  2 quokkas (D:2)
  6 bats
  A frilled lizard (D:1)
  6 kobolds
  A leopard gecko zombie (D:1)
  3 rats
35 creatures vanquished.

Notes
Turn   | Place    | Note
-------+----------+-------------------------------------------
     0 | D:1      | Fang the Gargoyle Berserker began the quest for the Orb.
     0 | D:1      | Reached XP level 1. HP: 14/14 MP: 1/1
   203 | D:1      | Reached XP level 2. HP: 12/19 MP: 2/2
  1318 | D:2      | Reached XP level 3. HP: 20/23 MP: 3/3
  1428 | D:2      | Reached ** piety under Trog
  1501 | D:2      | Reached XP level 4. HP: 15/29 MP: 4/4
  1521 | D:2      | Slain by a goblin

Skill      XL: |  1  2  3  4 |
---------------+-------------+-----
Axes           | 3 |  3.2
Dodging        | 2 |  2.3
Armour         | 3 |  3.0
Fighting       | |  3.9

Action                   |  1- 3 |  4- 6 || total
-------------------------+-------+-------++-------
Melee: Hand axe          |    89 |    12 ||   101
Invok: Berserk           |     1 |       ||     1
  Eat: Ration            |     1 |       ||     1
Armor: Animal skin       |    29 |     3 ||    32
Dodge: Dodged            |    81 |    15 ||    96
